AoeStats
← LazyGuy

Black Forest

510712828Analyzed
4v4 RM · 22h ago on Oct 2, 2026· 63m 4s· 8 players
Game mode
Random Map
Map size
Large (8 player)
Population
200
Speed
Normal
Resources
Standard
Victory
Conquest
Starting age
Dark Age
Ending age
Imperial Age
RankedLock teamsTeams togetherTeam positionsShared explorationLock speedFull tech treeHidden civsTurbo modeCheats
Victory
Defeat
🇭🇰 Varangians · Hong Kong SAR China
1089
+16
🇭🇰 Franks · Hong Kong SAR China
1071
+17
🇰🇷 Vikings · South Korea
1032
+19
🇻🇳 Franks · Vietnam
1022
+19
🇦🇺 Saxons · Australia
1141
-20
🇫🇷 Mongols · France
1119
-19
1060
-16
🇨🇦 Ethiopians · Canada
1048
-16
HaBeeMo
6:20 Loom
11:32 Feudal Age
12:09 Horse Collar
12:05 Man-at-Arms
19:40 Castle Age
18:22 Forging
19:03 Double-Bit Axe
20:21 Heavy Plow
22:24 Bow Saw
23:44 Iron Casting
22:33 Pikeman
23:13 Squires
23:19 Scale Mail Armor
24:18 Gold Mining
26:08 Chain Mail Armor
25:39 Arson
31:04 Imperial Age
29:03 Stone Mining
30:33 Gold Shaft Mining
30:53 Chieftains
33:05 Caravan
32:38 Elite Berserk
33:50 Capped Ram
34:12 Pikeman
35:53 Blast Furnace
35:23 Plate Mail Armor
35:36 Conscription
36:59 Fletching
38:50 Siege Ram
40:55 Siege Engineers
42:36 Bodkin Arrow
43:57 Hoardings
abbnn
0:28 Loom
13:38 Feudal Age
15:09 Wheelbarrow
14:21 Double-Bit Axe
21:49 Castle Age
20:16 Stone Mining
20:18 Gold Mining
22:47 Hand Cart
22:43 Bow Saw
24:27 Gold Shaft Mining
35:49 Imperial Age
33:06 Town Watch
33:24 Scale Mail Armor
33:34 Forging
33:45 Squires
33:16 Ordonnance Companies
35:51 Ballistics
35:57 Chain Mail Armor
36:18 Iron Casting
37:06 Conscription
37:42 Plate Mail Armor
38:17 Chemistry
39:25 Blast Furnace
38:27 Pikeman
38:58 Elite Throwing Axeman
42:29 Halberdier
48:42 Murder Holes
59:08 Scale Barding Armor
59:39 Cavalier
60:19 Husbandry
60:11 Light Cavalry
61:46 Chain Barding Armor
JohTo
0:28 Loom
10:34 Feudal Age
14:46 Castle Age
13:51 Double-Bit Axe
14:26 Stone Mining
23:33 Bow Saw
25:11 Fletching
25:38 Horse Collar
25:50 Gold Mining
26:05 Town Watch
27:07 Fervor
28:02 Wheelbarrow
29:56 Wheelbarrow
31:10 Heavy Plow
32:36 Town Watch
35:13 Hand Cart
36:48 Stone Shaft Mining
39:40 Imperial Age
37:16 Town Patrol
37:36 Caravan
38:22 Scale Barding Armor
38:28 Forging
39:29 Chain Barding Armor
40:37 Iron Casting
40:48 Conscription
40:23 Elite Jarl
41:45 Husbandry
41:55 Bloodlines
42:45 Plate Barding Armor
43:27 Two-Man Saw
44:13 Blast Furnace
44:37 Crop Rotation
44:24 Cavalier
46:54 Bodkin Arrow
47:13 Vendel Legacy
49:36 Bracer
51:56 Scale Mail Armor
51:57 Padded Archer Armor
52:38 Light Cavalry
55:05 Leather Archer Armor
54:53 Hussar
56:10 Chain Mail Armor
55:57 Squires
55:42 Arson
56:13 Murder Holes
57:35 Plate Mail Armor
57:36 Ring Archer Armor
58:14 Siege Engineers
61:16 Coinage
62:16 Ballistics
61:36 Treadmill Crane
LazyGuy
1:22 Loom
15:23 Feudal Age
16:33 Man-at-Arms
18:27 Double-Bit Axe
21:40 Stone Mining
21:44 Gold Mining
23:56 Castle Age
22:35 Wheelbarrow
21:55 Stone Mining
24:11 Forging
23:55 Fletching
25:17 Bow Saw
28:09 Hand Cart
27:55 Bodkin Arrow
28:40 Iron Casting
28:18 Husbandry
29:09 Town Watch
29:38 Bodkin Arrow
31:30 Squires
30:51 Pikeman
31:18 Arson
31:38 Scale Mail Armor
33:29 Gold Shaft Mining
34:31 Ordonnance Companies
38:08 Imperial Age
36:04 Chain Mail Armor
38:58 Masonry
39:50 Chemistry
39:11 Ballistics
38:36 Halberdier
39:50 Plate Mail Armor
40:22 Blast Furnace
39:28 Murder Holes
40:03 Caravan
40:50 Conscription
41:29 Padded Archer Armor
45:12 Elite Skirmisher
53:21 Architecture
56:03 Fortified Wall
56:44 Elite Throwing Axeman
58:34 Treadmill Crane
62:04 Hoardings
tboss
0:26 Loom
14:12 Feudal Age
18:37 Castle Age
17:17 Double-Bit Axe
17:14 Horse Collar
19:40 Bow Saw
25:22 Wheelbarrow
26:38 Town Watch
28:08 Hand Cart
28:42 Gold Mining
33:10 Imperial Age
31:15 Fortified Wall
31:26 Ballistics
34:10 Torsion Engines
35:12 Chemistry
33:34 Heavy Scorpion
35:32 Town Patrol
35:42 Siege Engineers
37:17 Two-Man Saw
37:23 Heavy Plow
48:55 Caravan
52:24 Onager
Digit
0:28 Loom
12:21 Feudal Age
16:02 Castle Age
21:20 Fletching
21:37 Double-Bit Axe
22:47 Bow Saw
23:39 Horse Collar
24:39 Bodkin Arrow
28:09 Wheelbarrow
29:12 Heavy Plow
32:13 Imperial Age
29:58 Padded Archer Armor
30:20 Ballistics
30:00 Stone Mining
32:35 Thumb Ring
32:24 Gold Mining
33:01 Bloodlines
33:08 Leather Archer Armor
35:22 Conscription
34:59 Elite Mangudai
35:55 Caravan
37:05 Hand Cart
36:22 Capped Ram
37:59 Gold Shaft Mining
38:00 Stone Shaft Mining
40:02 Hoardings
39:49 Siege Ram
40:53 Drill
41:43 Chemistry
40:49 Siege Engineers
41:52 Parthian Tactics
57:50 Nomads
DR GUS GLITTERGELPEN BILDORDER Ⅷ
10:16 Feudal Age
12:11 Double-Bit Axe
14:27 Castle Age
12:10 Horse Collar
14:47 Wheelbarrow
15:37 Bow Saw
22:56 Heavy Plow
25:38 Hand Cart
26:16 Town Watch
29:13 Imperial Age
27:11 Bloodlines
27:23 Scale Barding Armor
27:28 Forging
27:13 Gold Mining
27:13 Stone Mining
28:39 Chain Barding Armor
28:39 Town Patrol
28:25 Loom
29:18 Heavy Camel Rider
30:39 Plate Barding Armor
31:08 Chemistry
30:46 Iron Casting
31:33 Conscription
31:54 Frontier Guards
38:52 Scale Mail Armor
41:21 Chain Mail Armor
43:07 Plate Mail Armor
42:50 Elite Shrivamsha Rider
44:39 Padded Archer Armor
44:29 Fletching
44:42 Light Cavalry
46:35 Thumb Ring
47:27 Leather Archer Armor
47:07 Bodkin Arrow
49:00 Bracer
59:46 Masonry
61:57 Hoardings
ufokinw0tm8
0:57 Loom
13:06 Feudal Age
16:06 Fletching
22:39 Castle Age
27:27 Double-Bit Axe
27:24 Horse Collar
29:33 Bow Saw
33:03 Wheelbarrow
32:35 Heavy Plow
33:32 Town Watch
37:53 Imperial Age
35:50 Forging
35:40 Scale Mail Armor
36:28 Hand Cart
36:35 Gold Mining
37:45 Squires
37:34 Arson
39:25 Gold Shaft Mining
38:22 Elite Varangian Guard
38:28 Shield Wall
39:29 Conscription
40:20 Iron Casting
40:00 Chain Mail Armor
40:55 Chain Mail Armor
44:57 Plate Mail Armor
45:41 Gambesons
46:09 Caravan
52:03 Two-Man Saw
51:36 Crop Rotation
53:54 Siege Engineers
53:31 Treadmill Crane
54:11 Ballistics
54:52 Chemistry
Connection lost

Rejoining the realm…

Still unreachable

The connection could not be restored.

Session expired

The server has moved on; the page needs a fresh start.